 Dungeon Crawl Stone Soup version 0.31-a0-455-g1a7b003ef0 (webtiles) character file.

Game seed: 6238390672661998318

1378 ytrimaz the Changeling (level 8, 0/48 HPs)
             Began as an Octopode Shapeshifter on Aug 4, 2023.
             Was an Initiate of Ashenzari.
             Slain by Pikel
             ... wielding a +2 whip of freezing
              (8 damage)
             ... on level 6 of the Dungeon.
             The game lasted 00:06:36 (4625 turns).

ytrimaz the Changeling (Octopode Shapeshifter)      Turns: 4625, Time: 00:06:36

Health: 0/48       AC:  1    Str: 17    XL:     8   Next: 66%
Magic:  8/8        EV: 20    Int: 10    God:    Ashenzari [......]
Gold:   334        SH:  0    Dex: 12    Spells: 7/7 levels left

rFire   . .          .
                       - Unarmed
rCold   . . .        (no shield)
rNeg    . . .        (helmet currently unavailable)
rPois   +            (no amulet)
rElec   .            l - ring of resist corrosion
rCorr   +            p - +5 ring of evasion
SInv    .            (no ring)
Will    .....        (no ring)
Stlth   ++           (no ring)
HPRegen 0.28/turn    (no ring)
MPRegen 0.11/turn    (no ring)
                     (no ring)

%: no passive effects
@: beast-form
A: beast (slay +5), almost no armour, amphibious, 8 rings, camouflage 1,
gelatinous body 1, (nimble swimmer 1), tentacles, poison resistance
a: Begin Untransformation, Renounce Religion


You were on level 6 of the Dungeon.
You worshipped Ashenzari.
Ashenzari was noncommittal.
You were a hulking beast.
You visited 2 branches of the dungeon, and saw 7 of its levels.

You collected 334 gold pieces.


Innate Abilities, Weirdness & Mutations

You are a hulking beast.
Your limbs bulge with bestial killing power. (Slay +5)
You cannot wear most types of armour.
You are amphibious.
You can wear up to eight rings at the same time.
Your skin changes colour to match your surroundings (Stealth+).
Your rubbery body absorbs attacks. (AC +1, EV +1)
((You are camouflaged when in or above water. (Stealth+)))
You have tentacles for arms and can constrict up to eight enemies at once.
Your system is resistant to poisons. (rPois)


   Skills:
 - Level 1.0 Fighting
 + Level 5.9 Dodging
 - Level 3.5 Unarmed Combat
 * Level 7.7 Shapeshifting


You had 7 spell levels left.
You didn't know any spells.
Your spell library contained the following spells:

 Spells                   Type           Power      Damage    Failure   Level
 Static Discharge         Conj/Air       0%         2-2/arc   50%         2
 Ignite Poison            Fire/Tmut/Pois 0%         N/A       75%         3
 Ozocubu's Armour         Ice            0%         N/A       75%         3
 Airstrike                Air            0%         2d(0-16)  98%         4
 Sticky Flame             Conj/Fire      0%         2d3       98%         4
 Summon Ice Beast         Ice/Summ       0%         N/A       98%         4
 Summon Lightning Spire   Summ/Air       0%         N/A       98%         4
 Summon Mana Viper        Hex/Summ       0%         N/A       100%        5
 Monstrous Menagerie      Summ           0%         N/A       100%        7
 Ozocubu's Refrigeration  Ice            0%         4d7       100%        7
 Ignition                 Fire           0%         3d3       100%        8

Inventory:

Jewellery
 l - a ring of resist corrosion (left tentacle)
   (You found it on level 2 of the Dungeon)
 p - a +5 ring of evasion (right tentacle)
   (You found it on level 4 of the Dungeon)
Talismans
 b - a beast talisman (active)
Wands
 i - a wand of roots (3) (quivered)
   (You found it on level 5 of the Dungeon)
 u - a wand of acid (3)
   (You took it off Ijyb on level 5 of the Dungeon)
Scrolls
 c - a scroll of revelation
 f - a scroll of enchant armour
 g - 2 scrolls of fog
 k - a scroll of blinking
 o - 6 scrolls of teleportation
 q - 2 scrolls of noise
 r - a scroll of immolation
Potions
 a - 3 potions of berserk rage
 d - a potion of invisibility {unknown}
 h - a potion of mutation
 j - a potion of haste {unknown}
 m - a potion of attraction {unknown}
 n - a potion of cancellation {unknown}
 s - a potion of curing

Dungeon Overview and Level Annotations

Branches:
Dungeon (6/15) Zot: 26974  Temple (1/1) D:5 Zot: 5862

Altars:
Ashenzari
Elyvilon
Gozag
Hepliaklqana
Kikubaaqudgha
Makhleb
Nemelex Xobeh
Okawaru
Ru
Sif Muna
Trog
Uskayaw
Vehumet
Wu Jian
Xom
Yredelemnul
Zin
The Shining One

Shops:
D:2 =

Annotations:
D:5 1 runed translucent door, Crazy Yiuf
D:6 Pikel

...... ##.#....##
...#.....#
..#.....#
..#.#.#.####.
#.#.#........
#.#.#........
######.#..<.......
#.........h.......
#........5K5....Y.
#.........5.......
...........S######.
............#
.##.........#
#.##.##...# ... ..
#...# ... ... ..K#


You could see Pikel, a water moccasin, an ice beast and 3 lemures.


Message History

Unknown command.
You tentacle-slap the adder.
You kill the adder! 😕 HP[+1] No target in view!
Key pressed, stopping explore.
Key pressed, stopping explore.
Things that are here:
a +0 club; a +0 chain mail Key pressed, stopping explore.
There is a stone staircase leading down here.
Key pressed, stopping explore.
Key pressed, stopping explore.
You see here a +0 spear.
Key pressed, stopping explore. 😎 HP[+6]
Your hp is fully restored (48).
Could not explore, unopened runed door.
There is a stone staircase leading down here.
You climb downwards.
There is a stone staircase leading up here.
A lemure comes into view.
The lemure shouts!
You hear a shout!
A lemure is nearby!
A lemure is nearby!
Pikel, Merchant of Souls comes into view.
He is wielding a +2 whip of freezing.
Unknown command.
There is a stone staircase leading up here.
Unknown command.
Pikel shouts!
You tentacle-slap the lemure but do no damage.
You grab the lemure.
You squeeze the lemure, but do no damage.
You constrict the lemure.
You hear a shout!
You bludgeon the lemure! You constrict the lemure.
The lemure hits you. 😕 HP[-3]
You take 3 damage, and now have 45/48 hp.
You tentacle-slap the lemure but do no damage.
You constrict the lemure. The lemure completely misses you.
You tentacle-slap the lemure. You squeeze the lemure! You constrict the lemure.
You kill the lemure!
That felt strangely unrewarding. 😕 HP[+1]
Press: ? - help, v - describe, . - travel
Here: Pikel, wielding a +2 whip of freezing and wearing a +0 robe The floor.
Aiming: Fastroot
Press: ? - help, Q - select action, (/) - cycle Shift-Dir - straight line, f - Pikel
Aim: Pikel, wielding a +2 whip of freezing and wearing a +0 robe The roots erupt in riotous growth!
Roots grab Pikel.
The grasping roots constrict Pikel.
Pikel escapes!
A lemure comes into view.
Unknown command.
A lemure comes into view.
Aiming: Fastroot
Press: ? - help, Q - select action, (/) - cycle Shift-Dir - straight line, f/p - Pikel
Aim: Pikel, wielding a +2 whip of freezing and wearing a +0 robe (lightly wounded)
The roots erupt in riotous growth!
Roots grab Pikel.
The lemure shouts!
The grasping roots constrict Pikel.
You hear an angry hiss. x2; You hear a croak.
You hear an angry hiss.
Pikel struggles to escape constriction.
A lemure comes into view.
Unknown command.
The grasping roots constrict Pikel.
Pikel hits you with a +2 whip of freezing!
Pikel freezes you. 😕 HP[-9]
You take 9 damage, and now have 37/48 hp.
You tentacle-slap Pikel but do no damage.
You tentacle-slap Pikel.
The grasping roots constrict Pikel!
The roots release their grip on Pikel.
A water moccasin comes into view.
Pikel hits you with a +2 whip of freezing!
Pikel freezes you.
* * * LOW HITPOINT WARNING * * *
😨 HP[-13]
You take 13 damage, and now have 24/48 hp.
MASSIVE DAMAGE!! (PAUSE)
You tentacle-slap Pikel. Your grab misses Pikel. Your squeeze misses Pikel.
Pikel hits you with a +2 whip of freezing!
* * * LOW HITPOINT WARNING * * *
Pikel freezes you.
* * * LOW HITPOINT WARNING * * *
An ice beast comes into view. 😱 HP[-12]
You take 12 damage, and now have 12/48 hp.
MASSIVE DAMAGE!! (PAUSE)
You tentacle-slap Pikel. You grab Pikel. You constrict Pikel.
Pikel completely misses you. The lemure hits you.
* * * LOW HITPOINT WARNING * * *
😱 HP[-5]
You take 5 damage, and now have 7/48 hp.
Unknown command.
You tentacle-slap Pikel. You constrict Pikel, but do no damage.
Pikel hits you with a +2 whip of freezing!
You die...

Skill      XL: |  1  2  3  4  5  6  7  8 |
---------------+-------------------------+-----
Shapeshifting  | 4 5 6 7 |  7.7
Dodging        | 3 4 5 |  5.9
Fighting       | |  1.0
Unarmed Combat | |  3.5

Action                     |  1- 3 |  4- 6 |  7- 9 || total
---------------------------+-------+-------+-------++-------
  Melee: Unarmed           |    57 |   102 |   106 ||   265
         Constrict         |    13 |    23 |    25 ||    61
         Tentacles         |     9 |     9 |    34 ||    52
         Punch             |     1 |     3 |     6 ||    10
  Evoke: Wand              |       |     9 |     4 ||    13
    Use: Scroll            |     3 |     6 |     4 ||    13
         Potion            |     1 |     3 |     3 ||     7
   Stab: Sleeping          |     4 |     2 |     1 ||     7
         Distracted        |       |       |     1 ||     1
 Armour: Skin              |    20 |    27 |     4 ||    51
  Dodge: Dodged            |    46 |    81 |    73 ||   200

Levels and vault maps discovered:
D:1:      dpeg_arrival_rooms_a, layout_loops_ring
D:2:      layout_basic, serial_shops, nicolae_shop_gaudy_bauble,
          amcnicky_mini_corridor_feature
D:3:      layout_basic, fiery_altar_vehumet,
          hellmonk_ecumenical_altar_heavens_door, minmay_joined_circles
D:4:      layout_basic, dreamdust_wishing_well, dilly_guarded_unrand_devastator
D:5:      layout_loops_cross, minmay_temple_entry_offerings, minivault_11,
          uniq_eustachio, uniq_ijyb, uniq_crazy_yiuf_cottage
D:6:      layout_basic, nicolae_qazlal_scattered_showers, st_stairs_12,
          hangedman_decor_clover_reticule, uniq_pikel
Temple:   minmay_crystal_spiral_temple

Notes
Turn   | Place    | Note
-------+----------+-------------------------------------------
     0 | D:1      | ytrimaz the Octopode Shapeshifter began the quest for the
                  | Orb.
     0 | D:1      | Reached XP level 1. HP: 13/13 MP: 1/1
     0 | D:1      | magus.rc [v1.9.6]
   180 | D:1      | Reached XP level 2. HP: 14/18 MP: 2/2
   738 | D:2      | Reached XP level 3. HP: 17/23 MP: 3/3
   987 | D:2      | You pick up a book of Storms and begin reading...
   987 | D:2      | You add the spells Static Discharge, Airstrike and Summon
                  | Lightning Spire to your library.
  1054 | D:2      | Found Lisi Jui's Jewellery Shoppe.
  1072 | D:2      | Reached skill level 4 in Shapeshifting
  1072 | D:2      | Reached XP level 4. HP: 12/28 MP: 4/4
  1072 | D:2      | HP: 5/42 [gnoll/+0 vampiric halberd (7)]
  1077 | D:2      | HP: 6/42 [constriction (1)]
  1236 | D:2      | HP: 4/28 [quokka (4)]
  1380 | D:2      | Gained mutation: Your system is resistant to poisons.
                  | (rPois) [potion of mutation]
  1438 | D:2      | HP: 7/28 [frozen (2)]
  1628 | D:2      | Reached XP level 5. HP: 29/33 MP: 5/5
  1757 | D:3      | Found a radiant altar of Vehumet.
  2038 | D:3      | Found a faded altar of an unknown god.
  2232 | D:3      | You add the spells Ozocubu's Armour and Ozocubu's
                  | Refrigeration to your library.
  2283 | D:3      | Reached skill level 3 in Dodging
  2445 | D:3      | Reached skill level 5 in Shapeshifting
  2445 | D:3      | Reached XP level 6. HP: 22/38 MP: 6/6
  2599 | D:4      | Found the +6 shillelagh "Devastator" {shatter}
  2778 | D:4      | Reached skill level 4 in Dodging
  2778 | D:4      | Reached XP level 7. HP: 43/43 MP: 7/7
  2800 | D:4      | You add the spells Ignite Poison, Sticky Flame and Ignition
                  | to your library.
  2844 | D:4      | Reached skill level 6 in Shapeshifting
  2943 | D:4      | HP: 6/43 [gnoll/+0 club (5)]
  3156 | D:4      | HP: 8/43 [something/puff of flame (9)]
  3157 | D:4      | HP: 3/43 [something (5)]
  3330 | D:5      | Entered Level 5 of the Dungeon
  3504 | D:5      | Reached skill level 5 in Dodging
  3504 | D:5      | Reached XP level 8. HP: 48/48 MP: 8/8
  3685 | D:5      | Reached skill level 7 in Shapeshifting
  3806 | D:5      | Noticed Eustachio
  3819 | D:5      | Killed Eustachio
  3881 | D:5      | Found a staircase to the Ecumenical Temple.
  3896 | D:5      | You pick up a book of Beasts and begin reading...
  3896 | D:5      | You add the spells Summon Ice Beast, Summon Mana Viper and
                  | Monstrous Menagerie to your library.
  4030 | Temple   | Entered the Ecumenical Temple
  4096 | Temple   | Became a worshipper of Ashenzari the Shackled
  4294 | D:5      | Found a runed translucent door.
  4295 | D:5      | Noticed Crazy Yiuf
  4318 | D:5      | Noticed Ijyb
  4323 | D:5      | Killed Ijyb
  4607 | D:6      | Noticed Pikel
  4623 | D:6      | HP: 12/48 [Pikel/+2 whip of freezing (3)]
  4625 | D:6      | Slain by Pikel

Vanquished Creatures
  Eustachio (D:5)
  5 ogres
  A lemure (D:6)
  A phantom (D:5)
  A scorpion (D:5)
  4 hounds
  2 gnoll boudas
  2 jellies (D:5)
  Ijyb (D:5)
  2 orc wizards (D:4)
  16 gnolls
  14 adders
  A worm (D:2)
  2 dart slugs (D:5)
  4 orcs
  10 endoplasms
  11 giant cockroaches
  4 goblins
  10 hobgoblins
  4 jackals (D:2)
  8 kobolds
  2 quokkas
  7 ball pythons
  9 bats
  4 frilled lizards
  2 rats (D:3)
128 creatures vanquished.

Table legend:
 A = Non-vault XP
 B = Vault XP
 C = Vault XP percentage of total XP
 D = Non-vault monster count
 E = Vault monster count
 F = Vault count percentage of total count
                 A         B        C        D         E       F
            +---------+---------+-------+---------+---------+-------
      Total |    1324 |     645 |  32.8 |     107 |      20 |  15.7
            +---------+---------+-------+---------+---------+-------
        D:1 |      31 |       0 |   0.0 |      17 |       0 |   0.0
        D:2 |     149 |       0 |   0.0 |      30 |       0 |   0.0
        D:3 |     121 |      48 |  28.4 |      19 |      15 |  44.1
        D:4 |     344 |     359 |  51.1 |      21 |       3 |  12.5
        D:5 |     679 |     238 |  26.0 |      20 |       2 |   9.1
            +---------+---------+-------+---------+---------+-------

Skill      XL: |  1  2  3  4  5  6  7  8 |
---------------+-------------------------+-----
Shapeshifting  | 4 5 6 7 |  7.7
Dodging        | 3 4 5 |  5.9
Fighting       | |  1.0
Unarmed Combat | |  3.5

Action                     |  1- 3 |  4- 6 |  7- 9 || total
---------------------------+-------+-------+-------++-------
  Melee: Unarmed           |    57 |   102 |   106 ||   265
         Constrict         |    13 |    23 |    25 ||    61
         Tentacles         |     9 |     9 |    34 ||    52
         Punch             |     1 |     3 |     6 ||    10
  Evoke: Wand              |       |     9 |     4 ||    13
    Use: Scroll            |     3 |     6 |     4 ||    13
         Potion            |     1 |     3 |     3 ||     7
   Stab: Sleeping          |     4 |     2 |     1 ||     7
         Distracted        |       |       |     1 ||     1
 Armour: Skin              |    20 |    27 |     4 ||    51
  Dodge: Dodged            |    46 |    81 |    73 ||   200

Illustrated notes

Table legend:
 A = Kills in this place as a percentage of kills in the entire game.
 B = Kills by you in this place as a percentage of kills by you in the entire game.
 C = Kills by friends in this place as a percentage of kills by friends in the entire game.
 D = Other kills in this place as a percentage of other kills in the entire game.
 E = Experience gained in this place as a percentage of experience gained in the entire game.
 F = Experience gained in this place divided by the number of levels of this place that you have seen.
                   A       B       C       D       E      F
               +-------+-------+-------+-------+-------+----------------------
         Total | 100.0 | 100.0 |   N/A |   N/A | 100.0 | 281.3
       Dungeon | 100.0 | 100.0 |   N/A |   N/A | 100.0 | 328.2
               +-------+-------+-------+-------+-------+----------------------

Table legend: (Time is in decaauts)
 A = Elapsed time spent in this place.
 B = Non-inter-level travel time spent in this place.
 C = Inter-level travel time spent in this place.
 D = Time resting spent in this place.
 E = Time spent auto-exploring this place.
 F = Levels seen in this place.
 G = Mean time per level.
                   A        B        C        D        E       F      G
               +--------+--------+--------+--------+--------+-----+--------+
         Total |   4614 |   4320 |    294 |     64 |   3447 |   7 |  659.1 |
       Dungeon |   4477 |   4308 |    169 |     64 |   3447 |   6 |  746.2 |
        Temple |    137 |     12 |    125 |      0 |      0 |   1 |  137.0 |
               +--------+--------+--------+--------+--------+-----+--------+

Top non-repeatable levels by time:
     D:5: 1070 daAuts
     D:3: 955 daAuts
     D:2: 942 daAuts
     D:4: 755 daAuts
     D:1: 729 daAuts
  Temple: 137 daAuts
     D:6: 24 daAuts
